 Dungeon Crawl Stone Soup version 0.31.0-32-g396128a36d (webtiles) character file.

Game seed: 11453604771737381634

8826 Alphaeus the Grappler (level 11, 0/107 HPs)
             Began as a Troll Shapeshifter on Mar 20, 2024.
             Was an Initiate of Qazlal.
             Slain by a two-headed ogre
             ... wielding a +0 giant club
              (10 damage)
             ... on level 10 of the Dungeon.
             The game lasted 00:18:07 (8380 turns).

Alphaeus the Grappler (Troll Shapeshifter)          Turns: 8380, Time: 00:18:08

Health: 0/107      AC:  4    Str: 24      XL:     11   Next: 15%
Magic:  8/8        EV: 14    Int: 10      God:    Qazlal [......]
Gold:   540        SH:  0    Dex:  8 (9)  Spells: 10/10 levels left

rFire   + .          .
                       - Unarmed
rCold   . . .        (no shield)
rNeg    . . .        a - +0 animal skin
rPois   +            (helmet currently unavailable)
rElec   .            (cloak currently unavailable)
rCorr   .            (gloves unavailable)
SInv    .            (boots unavailable)
Will    .....        (no amulet)
Stlth   +            r - ring of protection from fire
HPRegen 1.17/turn    B - +5 ring of evasion
MPRegen 0.11/turn

%: no passive effects
@: beast-form
A: beast (slay +4), large, unfitting armour, claws 3, regeneration 1, shaggy fur
1, tough skin 1, low MP 1, poison resistance
a: Begin Untransformation, Renounce Religion


You were on level 10 of the Dungeon.
You worshipped Qazlal.
Qazlal was noncommittal.
You were a hulking beast.
You visited 2 branches of the dungeon, and saw 11 of its levels.
You also visited: Ossuary and Bailey.

You collected 540 gold pieces.

Inventory:

Armour
 a - a +0 animal skin (worn)
 l - a +2 cloak of preservation
 K - a +2 kite shield
Jewellery
 r - a ring of protection from fire (left claw)
 B - a +5 ring of evasion (right claw)
Talismans
 c - a beast talisman
 d - a flux talisman
Wands
 q - a wand of polymorph (11)
 D - a wand of flame (38)
 F - a wand of paralysis (8)
Scrolls
 e - a scroll of vulnerability {unknown}
 f - 2 scrolls of brand weapon {unknown}
 h - 6 scrolls of revelation {unknown}
 j - 2 scrolls of enchant weapon {unknown}
 m - 11 scrolls of identify {unknown}
 s - 4 scrolls of noise {unknown}
 t - a scroll of immolation {unknown}
 u - 2 scrolls of torment {unknown}
 v - 3 scrolls of enchant armour {unknown}
 y - 3 scrolls of fog {unknown}
 z - 3 scrolls of teleportation {unknown}
 C - 3 scrolls of fear {unknown}
 E - 3 scrolls of amnesia {unknown}
 G - 4 scrolls of summoning {unknown}
 L - a scroll of poison {unknown}
Potions
 b - a potion of lignification
 g - 2 potions of degeneration
 i - 3 potions of curing
 k - 2 potions of enlightenment
 n - a potion of heal wounds
 o - a potion of mutation
 p - 3 potions of attraction {unknown}
 w - 2 potions of magic {unknown}
 x - 2 potions of haste {unknown}
 A - a potion of resistance {unknown}
 H - a potion of invisibility {unknown}
 I - a potion of might {unknown}
 J - a potion of cancellation {unknown}


   Skills:
 + Level 6.5 Fighting
 - Level 1.5 Dodging
 * Level 11.5 Unarmed Combat
 * Level 10.6 Shapeshifting


You had 10 spell levels left.
You didn't know any spells.
Your spell library contained the following spells:

 Spells                   Type           Power      Damage    Failure   Level
 Blink                    Tloc           0%         N/A       50%         2
 Lesser Beckoning         Tloc           0%         N/A       50%         2
 Momentum Strike          Conj/Tloc      0%         3d8       50%         2
 Stone Arrow              Conj/Erth      0%         3d7       75%         3
 Volatile Blastmotes      Fire/Tloc      0%         2d10      75%         3
 Animate Armour           Summ/Erth      0%         N/A       98%         4
 Fulminant Prism          Conj/Alch      0%         3d5       98%         4
 Ignite Poison            Fire/Alch      0%         N/A       98%         4
 Iskenderun's Mystic Bla  Conj/Tloc      0%         2d3       98%         4
 Sticky Flame             Fire/Alch      0%         2d4       98%         4
 Ignition                 Fire           0%         3d3       100%        8
 Lehudib's Crystal Spear  Conj/Erth      0%         10d2      100%        8


Dungeon Overview and Level Annotations

Branches:
Dungeon (10/15)            Temple (1/1) D:7            Lair (0/5) D:8
    Orc (0/2) D:9         Ossuary (visited)          Bailey (visited)

Altars:
Ashenzari
Cheibriados
Dithmenos
Elyvilon
Fedhas
Gozag
Hepliaklqana
Kikubaaqudgha
Makhleb
Nemelex Xobeh
Okawaru
Qazlal
Ru
Sif Muna
Trog
Uskayaw
Vehumet
Wu Jian
Xom
Yredelemnul
Zin
The Shining One

Shops:
D:1 *   D:9 *

Annotations:
D:6 1 runed translucent door
Temple 4 transporters


Innate Abilities, Weirdness & Mutations

You are a hulking beast.
Your limbs bulge with bestial killing power. (Slay +4)
You are too large for most types of armour.
You have claws for hands.
Your natural rate of healing is unusually fast.
You are covered in fur. (AC +1)
You have tough skin. (AC +1)
Your magical capacity is low. (-10% MP)
Your system is resistant to poisons. (rPois)


Message History

You can move again.
You scratch the hornet.
The hornet is moderately wounded.
The hornet barely misses you.
You completely miss the hornet.
The hornet is moderately wounded.
The hornet stings you.
The howler monkey hoots and howls with incredible vigour!
You scratch the hornet. You claw the hornet, but do no damage.
The hornet is heavily wounded.
The hornet completely misses you. The hornet misses you.
You mangle the hornet!!
You kill the hornet!
Qazlal accepts your kill.
You claw the howler monkey!
The howler monkey is severely wounded.
You barely miss the howler monkey.
The howler monkey is severely wounded.
The howler monkey hits you.
You mangle the howler monkey!!
You kill the howler monkey!
Qazlal accepts your kill.
You feel your dexterity returning.
A two-headed ogre comes into view. It is wielding two +0 giant clubs.
The two-headed ogre shouts in stereo!
You see here a hornet corpse.
You barely miss the two-headed ogre.
The two-headed ogre hits you with a +0 giant club!
The two-headed ogre hits you with a +0 giant club!!
You barely miss the two-headed ogre. You mangle the two-headed ogre!!
The two-headed ogre is heavily wounded.
The two-headed ogre hits you with a +0 giant club!
The two-headed ogre hits you with a +0 giant club!!
You scratch the two-headed ogre.
The two-headed ogre is heavily wounded.
The two-headed ogre hits you with a +0 giant club!!
* * * LOW HITPOINT WARNING * * *
The two-headed ogre hits you with a +0 giant club!
You die...

#..........#####...
#####..........#...#
...............'..=#
##.............#...#
#.............#...#
#.............#...# .
#.............#...# ...
..............#####.....
#...............hO.......
#.......##########.......
........# ....... .......
....... ...O... .......
.......


You could see a two-headed ogre.

Vanquished Creatures
  2 vault guards (Bailey)
  A two-headed ogre (D:9)
  The ghost of Burzz the Sneak, a novice KoEn of Dithmenos (D:6)
  Prince Ribbit (D:8)
  A hornet (D:10)
  A blink frog (Bailey)
  Sigmund (D:4)
  A wraith (D:8)
  4 humans (Bailey)
  Eustachio (D:4)
  Menkaure (D:4)
  2 vampire mosquitoes (D:9)
  Edmund (D:6)
  An acid dragon (D:8)
  2 water moccasins
  3 orc warriors
  An ice beast (D:7)
  A sky beast (D:8)
  2 ogres
  2 centaurs
  A kobold brigand (D:9)
  15 bullfrogs
  2 gnoll sergeants (D:8)
  2 scorpions
  4 wights (D:4)
  3 killer bees (D:7)
  3 howler monkeys
  An electric eel (D:6)
  A bombardier beetle (D:6)
  3 bullfrog zombies (Ossuary)
  3 orc priests (D:7)
  6 hounds
  3 jellies
  2 sleepcaps (D:4)
  8 mummies (Ossuary)
  Ijyb (D:4)
  4 orc wizards
  4 crocodile zombies (Ossuary)
  2 hound zombies (Ossuary)
  3 howler monkey zombies (Ossuary)
  34 gnolls
  8 adders
  A river rat (D:6)
  2 shadow imps (D:7)
  4 ufetubi
  A dart slug (D:3)
  3 ribbon worms
  50 orcs
  6 endoplasms
  4 giant cockroaches
  A goblin (shapeshifter) (D:9)
  10 goblins
  7 hobgoblins
  4 quokkas (D:2)
  7 ball pythons
  4 ball python zombies (Ossuary)
  8 bats
  3 frilled lizards
  2 goblin zombies (D:4)
  5 kobolds
  6 rats
271 creatures vanquished.

Notes
Turn   | Place    | Note
-------+----------+-------------------------------------------
     0 | D:1      | Alphaeus the Troll Shapeshifter began the quest for the
                  | Orb.
     0 | D:1      | Reached XP level 1. HP: 18/18 MP: 0/0
    91 | D:1      | Reached skill level 1 in Fighting
   105 | D:1      | Reached XP level 2. HP: 27/27 MP: 1/1
   414 | D:1      | Found Ohaseol's General Store.
   694 | D:2      | Reached XP level 3. HP: 31/33 MP: 2/2
  1000 | D:2      | Reached XP level 4. HP: 41/41 MP: 3/3
  1015 | D:2      | Reached skill level 4 in Unarmed Combat
  1329 | D:3      | Reached XP level 5. HP: 44/49 MP: 4/4
  2216 | D:4      | Noticed Ijyb
  2272 | D:4      | Killed Ijyb
  2273 | D:4      | Reached XP level 6. HP: 57/57 MP: 5/5
  2328 | D:4      | Noticed Sigmund
  2338 | D:4      | Killed Sigmund
  2339 | D:4      | Reached skill level 5 in Unarmed Combat
  2339 | D:4      | Reached skill level 5 in Shapeshifting
  2488 | D:4      | Reached XP level 7. HP: 54/66 MP: 6/6
  2501 | D:4      | Found a sand-covered staircase.
  2518 | Ossuary  | Entered an ossuary
  2605 | Ossuary  | Reached skill level 6 in Unarmed Combat
  2898 | D:4      | Noticed Menkaure
  2905 | D:4      | Killed Menkaure
  2906 | D:4      | Reached XP level 8. HP: 19/75 MP: 7/7
  3016 | D:4      | Reached skill level 7 in Unarmed Combat
  3142 | D:4      | Noticed Eustachio
  3160 | D:4      | Killed Eustachio
  3472 | D:5      | Entered Level 5 of the Dungeon
  3718 | D:5      | You fall into a shaft and drop 1 floor!
  3751 | D:6      | Reached skill level 8 in Unarmed Combat
  3786 | D:6      | Found a runed translucent door.
  3985 | D:5      | Reached XP level 9. HP: 85/85 MP: 8/8
  4136 | D:6      | Found a runed translucent door.
  4136 | D:6      | Noticed Burzz's ghost (novice KoEn)
  4333 | D:6      | Noticed Edmund
  4345 | D:6      | Killed Edmund
  4762 | D:6      | Killed Burzz's ghost
  4829 | D:7      | Found a snail-covered altar of Cheibriados.
  4851 | D:7      | Reached skill level 9 in Unarmed Combat
  4860 | D:7      | Reached skill level 5 in Fighting
  5311 | D:7      | Identified the +0 short sword of Duty {venom, rCorr}
  5497 | D:7      | Found a staircase to the Ecumenical Temple.
  5504 | Temple   | Found a transporter.
  5504 | Temple   | Found a transporter.
  5504 | Temple   | Found a transporter.
  5504 | Temple   | Found a transporter.
  5504 | Temple   | Entered the Ecumenical Temple
  5743 | D:8      | Reached XP level 10. HP: 91/96 MP: 9/9
  5760 | D:8      | Found a flagged portal.
  5762 | D:8      | Noticed Prince Ribbit
  5778 | D:8      | Killed Prince Ribbit
  5837 | Bailey   | Entered a bailey
  5853 | Bailey   | Reached skill level 10 in Unarmed Combat
  6105 | Bailey   | Noticed a vault guard
  6120 | Bailey   | Killed a vault guard
  6285 | Bailey   | Noticed a vault guard
  6290 | Bailey   | Gained mutation: You are dopey. (Int -2) [potion of
                  | mutation]
  6290 | Bailey   | Gained mutation: You sometimes lose your temper in combat.
                  | [potion of mutation]
  6290 | Bailey   | Gained mutation: You are somewhat resistant to further
                  | mutation. [potion of mutation]
  6291 | Bailey   | Lost mutation: You are somewhat resistant to further
                  | mutation. [potion of mutation]
  6291 | Bailey   | Lost mutation: You sometimes lose your temper in combat.
                  | [potion of mutation]
  6291 | Bailey   | Lost mutation: You are dopey. (Int -2) [potion of mutation]
  6291 | Bailey   | Gained mutation: Your body sometimes deteriorates upon
                  | taking damage. [potion of mutation]
  6291 | Bailey   | Gained mutation: You have a pair of small horns on your
                  | head. [potion of mutation]
  6291 | Bailey   | Gained mutation: You expend magic power (3 MP) to
                  | strengthen your wands. [potion of mutation]
  6304 | Bailey   | HP: 3/98 [vault guard/+0 broad axe (10)]
  6306 | Bailey   | Killed a vault guard
  6307 | Bailey   | Reached skill level 10 in Shapeshifting
  6307 | Bailey   | Lost mutation: Your body sometimes deteriorates upon taking
                  | damage. [potion of mutation]
  6307 | Bailey   | Lost mutation: You have a pair of small horns on your head.
                  | [potion of mutation]
  6307 | Bailey   | Lost mutation: You expend magic power (3 MP) to strengthen
                  | your wands. [potion of mutation]
  6307 | Bailey   | Gained mutation: Your system is resistant to poisons.
                  | (rPois) [potion of mutation]
  6307 | Bailey   | Gained mutation: Your magical capacity is low. (-10% MP)
                  | [potion of mutation]
  6610 | D:8      | Reached skill level 11 in Unarmed Combat
  7052 | D:8      | Found a staircase to the Lair.
  7227 | D:9      | Found Iskist's Assorted Antiques.
  7311 | D:9      | Found a staircase to the Orcish Mines.
  7458 | D:9      | Reached XP level 11. HP: 87/106 MP: 8/8
  7561 | D:9      | Noticed a two-headed ogre
  7568 | D:9      | Killed a two-headed ogre
  7620 | D:9      | Found an ornate altar of the Wu Jian Council.
  8258 | D:10     | Entered Level 10 of the Dungeon
  8258 | D:10     | Found a stormy altar of Qazlal.
  8264 | D:10     | Became a worshipper of Qazlal Stormbringer
  8361 | D:10     | Paralysed by a hornet for 1 turns
  8371 | D:10     | Noticed a two-headed ogre
  8380 | D:10     | Slain by a two-headed ogre

Illustrated notes

Levels and vault maps discovered:
D:1:      minmay_arrival_doors, layout_basic, serial_shops, nicolae_shop_stone
D:2:      layout_basic
D:3:      layout_basic, minmay_misc_feat_columns,
          nicolae_elevator_lobby_asterisk
D:4:      layout_loops_ring, enter_ossuary_4, uniq_menkaure, uniq_eustachio,
          uniq_ijyb, uniq_sigmund
D:5:      layout_basic
D:6:      layout_loops_ring, ebering_ghost_sewer_f, serial_bayou_lagoon_b,
          uniq_edmund
D:7:      layout_basic, cheibriados_altar_1, temple_fountains
D:8:      layout_basic, lair_entry_dummy, enter_bailey_2, uniq_prince_ribbit1
D:9:      layout_cave_pods, nicolae_wu_jian_immortal_techniques, david_orc_2,
          serial_shops, shop
D:10:     layout_irregular_city, nicolae_qazlal_style_of_elements
Temple:   hellmonk_temple_divided_pantheon

Skill      XL: |  1  2  3  4  5  6  7  8  9 10 |
---------------+-------------------------------+-----
Fighting       | 1 2 3 4 5 6 |  6.5
Unarmed Combat | 4 5 6 8 9 11 | 11.5
Shapeshifting  | 4 5 6 7 8 10 | 10.6
Dodging        | |  1.5

Action                     |  1- 3 |  4- 6 |  7- 9 | 10-12 || total
---------------------------+-------+-------+-------+-------++-------
  Melee: Unarmed           |    69 |   131 |   327 |   218 ||   745
         Punch             |     3 |     2 |     7 |    13 ||    25
         Headbutt          |       |       |       |     2 ||     2
    Use: Potion            |       |       |       |     8 ||     8
   Stab: Distracted        |       |       |     1 |       ||     1
 Armour: Animal skin       |    30 |   104 |   154 |   143 ||   431
         Skin              |       |     9 |       |    14 ||    23
  Dodge: Dodged            |    29 |    42 |   167 |   129 ||   367
